AoeStats
← Capuas

Migration

509301787Analyzed
1v1 RM · 7d ago on Sep 26, 2026· 21m 47s· 2 players
Game mode
Random Map
Map size
132×132
Population
200
Speed
Normal
Resources
Standard
Victory
Conquest
Starting age
Dark Age
Ending age
Imperial Age
RankedLock teamsTeams togetherTeam positionsShared explorationLock speedFull tech treeHidden civsTurbo modeCheats
Victory
Defeat
🇹🇼 Japanese · Taiwan
1044
+17
🇳🇿 Byzantines · New Zealand
1069
-17
john.lin
13:20 Feudal Age
11:36 Loom
17:15 Castle Age
15:11 Fletching
16:19 Town Watch
21:23 Bodkin Arrow
Capuas
4:54 Loom
6:52 Loom
12:06 Feudal Age
12:31 Double-Bit Axe
21:07 Castle Age
20:53 Fletching
Connection lost

Rejoining the realm…

Still unreachable

The connection could not be restored.

Session expired

The server has moved on; the page needs a fresh start.